 Dungeon Crawl Stone Soup version 0.31-a0-801-gc67433417a (webtiles) character file.

Game seed: 1967132778433095934

56 Ivernyr the Slasher (level 3, -1/19 HPs)
             Began as a Vine Stalker Gladiator on Sept 20, 2023.
             Slain by a quokka (3 damage)
             ... on level 2 of the Dungeon.
             The game lasted 00:03:36 (1322 turns).

Ivernyr the Slasher (Vine Stalker Gladiator)        Turns: 1322, Time: 00:03:37

Health: -1/19      AC:  4    Str: 16    XL:     3   Next: 95%
Magic:  0/4        EV: 12    Int:  8    God:
Gold:   116        SH:  0    Dex: 17    Spells: 2/2 levels left

rFire   . . .        a - +0 long sword
rCold   . . .        (no shield)
rNeg    . . .        b - +0 leather armour
rPois   .            c - +0 helmet
rElec   .            (no cloak)
rCorr   .            (no gloves)
SInv    .            (no boots)
Will    .....        (no amulet)
Stlth   +            (no ring)
HPRegen 1.03/turn    (no ring)
MPRegen 0.09/turn

%: guardian spirit
@: no status effects
A: fangs 2, regeneration 1, magic shield, antimagic bite, no potion heal 2
a: no special abilities


You were on level 2 of the Dungeon.
You visited 1 branch of the dungeon, and saw 2 of its levels.

You collected 116 gold pieces.

Inventory:

Hand Weapons
 a - a +0 long sword (weapon)
Missiles
 d - 3 throwing nets (quivered)
 e - a javelin
Armour
 b - a +0 leather armour (worn)
 c - a +0 helmet (worn)
Scrolls
 f - a scroll of fog {unknown}
 g - a scroll of fear {unknown}
 h - a scroll of revelation {unknown}
 i - a scroll of noise {unknown}
 l - a scroll of blinking {unknown}
 m - a scroll of teleportation {unknown}
Potions
 j - a potion of ambrosia {unknown}
 k - 2 potions of curing {unknown}
 n - a potion of attraction {unknown}


   Skills:
 + Level 2.3 Fighting
 * Level 3.4 Long Blades
 - Level 1.7 Throwing
 + Level 1.0 Armour
 + Level 2.7 Dodging


You had 2 spell levels left.
You didn't know any spells.
Your spell library was empty.

Dungeon Overview and Level Annotations

Branches:
Dungeon (2/15)

Altars:


Innate Abilities, Weirdness & Mutations

You have extremely sharp teeth.
Your natural rate of healing is unusually fast.
When hurt, damage is shared between your health and your magic reserves.
Your bite disrupts and absorbs the magic of your enemies.
Potions cannot restore your health.


Message History

You are poisoned.
The adder poisons you!
You closely miss the adder. Your bite misses the adder.
You feel sick. The adder bites you.
You miss the adder.
You feel sick. The adder bites you.
You are more poisoned.
The adder poisons you! The quokka bites you. The adder bites you.
The quokka completely misses you.
You closely miss the adder. You bite the adder. You drain its power.
You feel invigorated.
The adder is lightly wounded.
You feel sick. The adder barely misses you. The quokka closely misses you.
The adder bites you.
You closely miss the adder. Your bite misses the adder.
The adder is lightly wounded.
You feel sick.
The quokka bites you but does no damage.
The adder bites you. The quokka misses you.
You barely miss the adder.
The adder is lightly wounded.
You feel sick. The adder barely misses you. The quokka bites you.
* * * LOW HITPOINT WARNING * * *
The adder bites you but does no damage.
You slash the adder! Your bite misses the adder.
The adder is almost dead.
You feel sick. The quokka barely misses you. The adder barely misses you.
The quokka closely misses you.
You barely miss the adder.
The adder is almost dead.
You feel sick.
You are no longer poisoned.
The adder bites you.
* * * LOW HITPOINT WARNING * * *
The quokka barely misses you. The adder bites you but does no damage.
You hit the adder but do no damage. You bite the adder, but do no damage.
The adder is almost dead.
The quokka bites you.
* * * LOW HITPOINT WARNING * * *
The adder bites you but does no damage. The quokka bites you.
You die...

J......
###########.
#.......# ##
#.......######
#............######
#................#
#................#
####
#................#
#...
#.......#........#
#...
#.....@.#........#
#...
#....Sr.#........#
####
#.......#........#
#.......#........#
####+######......#
#.....## #.<...#
#.....#####
#.........#


You could see an adder and a quokka.

Vanquished Creatures
  2 dart slugs
  6 ball pythons (D:1)
  3 bats (D:1)
  6 endoplasms
  A giant cockroach (D:1)
  3 hobgoblins
  8 jackals (D:1)
  3 kobolds
  3 quokkas (D:1)
  A frilled lizard (D:2)
  9 rats (D:1)
45 creatures vanquished.

Notes
Turn   | Place    | Note
-------+----------+-------------------------------------------
     0 | D:1      | Ivernyr the Vine Stalker Gladiator began the quest for the
                  | Orb.
     0 | D:1      | Reached XP level 1. HP: 11/11 MP: 2/2
   107 | D:1      | Reached XP level 2. HP: 15/15 MP: 3/3
   320 | D:1      | Reached skill level 3 in Long Blades
   487 | D:1      | Found a faded altar of an unknown god.
   541 | D:1      | Reached XP level 3. HP: 18/18 MP: 2/4
  1134 | D:2      | Reached skill level 1 in Armour
  1322 | D:2      | Slain by a quokka

Illustrated notes

Levels and vault maps discovered:
D:1:      psy_arrival_basics, layout_loops_corners, basic_ecumenical_altar,
          minmay_rat_gold_closets
D:2:      layout_basic, serial_curves, eino_curves_01, eino_curves_04

Skill      XL: |  1  2  3 |
---------------+----------+-----
Fighting       | 2 |  2.3
Long Blades    | 3 |  3.4
Armour         | 1 |  1.0
Throwing       | |  1.7
Dodging        | |  2.7

Action                     || total
---------------------------++-------
  Melee: Long sword        ||   118
         Bite              ||    23
         Punch             ||     2
   Stab: Sleeping          ||     3
 Armour: Leather armour    ||    87
  Dodge: Dodged            ||    97

Table legend: (Time is in decaauts)
 A = Elapsed time spent in this place.
 B = Non-inter-level travel time spent in this place.
 C = Inter-level travel time spent in this place.
 D = Time resting spent in this place.
 E = Time spent auto-exploring this place.
 F = Levels seen in this place.
 G = Mean time per level.
                   A        B        C        D        E       F      G
               +--------+--------+--------+--------+--------+-----+--------+
         Total |   1350 |   1303 |     47 |      0 |    966 |   2 |  675.0 |
       Dungeon |   1350 |   1303 |     47 |      0 |    966 |   2 |  675.0 |
               +--------+--------+--------+--------+--------+-----+--------+

Top non-repeatable levels by time:
     D:1: 1093 daAuts
     D:2: 257 daAuts
